 Dungeon Crawl Stone Soup version 0.25.1-2-g60ff931df9 (webtiles) character file.

Game seed: 1084536365716042372

12583 sankara the Grappler (level 11, 0/107 (109) HPs)
             Began as a Troll Hunter on Sept 2, 2020.
             Was an Elder of Kikubaaqudgha.
             Slain by a skeletal warrior
             ... wielding a +0 glaive
             ... led by a skeletal warrior
              (4 damage)
             ... on level 11 of the Dungeon.
             The game lasted 00:39:19 (8889 turns).

sankara the Grappler (Troll Hunter)                 Turns: 8889, Time: 00:39:21

HP:   0/107 (109)   AC: 16    Str: 22    XL:     11   Next: 64%
MP:   10/10         EV: 10    Int: 16    God:    Kikubaaqudgha [****..]
Gold: 788           SH:  0    Dex: 10    Spells: 4/10 levels left

rFire    + + .     SeeInvis .     - Unarmed
rCold    x . .     Gourm    +   (no shield)
rNeg     . . .     Faith    .   O - +1 fire dragon scales
rPois    +         Spirit   .   c - +2 hat
rElec    +         Reflect  .   (no cloak)
rCorr    .         Harm     .   (gloves unavailable)
MR       .....                  (boots unavailable)
Stlth    ..........             o - amulet of regeneration
HPRegen  1.07/turn              l - +4 ring of slaying
MPRegen  0.12/turn              T - ring "Poihyemp" {*Drain rElec rPois Int+6}

@: no status effects
A: large, unfitting armour, claws 3, fast metabolism 3, gourmand, regeneration
1, shaggy fur 1, tough skin 3
a: Receive Corpses, Renounce Religion


You were on level 11 of the Dungeon.
You worshipped Kikubaaqudgha.
Kikubaaqudgha was greatly pleased with you.
You were hungry.

You visited 2 branches of the dungeon, and saw 13 of its levels.
You also visited: Bailey.

You collected 788 gold pieces.

Inventory:

Hand Weapons
 b - a +1 hunting sling
 I - the cursed +2 shortbow "Geliny" {venom, Stlth+, unknown}
   (You found it on level 7 of the Dungeon)

   It poisons the ammo it fires.
   It makes you more stealthy.
   It has a curse placed upon it.
 N - a +0 spear
Missiles
 a - 44 poisoned darts
 d - 3 throwing nets
 h - 301 stones
 w - 10 boomerangs
 D - 23 sling bullets
 E - 4 large rocks (quivered)
Armour
 c - a +2 hat (worn)
 O - +1 fire dragon scales (worn)
Jewellery
 g - an uncursed ring of fire
 l - a +4 ring of slaying (left claw)
 o - an amulet of regeneration (around neck)
 q - an uncursed ring of protection from fire
 t - a +6 ring of dexterity
 y - an uncursed ring of protection from cold
 J - an uncursed ring of teleportation
 M - a cursed +4 ring of slaying
 Q - an uncursed ring of resist corrosion
 T - the ring "Poihyemp" (right claw) {*Drain rElec rPois Int+6}
   (You found it on level 11 of the Dungeon)

   [ring of intelligence]

   It affects your intelligence (+6).
   It insulates you from electricity.
   It protects you from poison.
   It causes draining when unequipped.
Wands
 A - a wand of flame (41)
 F - a wand of iceblast (2)
 K - a wand of clouds (3)
Scrolls
 i - 2 scrolls of magic mapping
 n - 5 scrolls of remove curse
 p - a scroll of summoning
 s - 3 scrolls of enchant weapon
 u - a scroll of blinking
 C - a scroll of fear
 G - a scroll of enchant armour
 P - a scroll of fog
Potions
 e - 2 potions of might
 j - 2 potions of berserk rage
 m - 2 potions of invisibility
 r - a potion of brilliance
 v - a potion of stabbing {unknown}
 x - a potion of haste
 z - 2 potions of cancellation
 B - 2 potions of flight
 H - 5 potions of curing
 L - a potion of magic
Miscellaneous
 S - a phial of floods
Comestibles
 f - 24 rations
 R - 5 chunks of flesh


   Skills:
 + Level 7.4 Fighting
 - Level 4.0 Throwing
 * Level 4.1 Armour
 - Level 7.0 Dodging
 - Level 0.3 Stealth
 + Level 11.4 Unarmed Combat
 + Level 5.8 Necromancy


You had 4 spell levels left.
You knew the following spells:

 Your Spells              Type           Power        Failure   Level  Hunger
a - Pain                  Necr           ###.         8%          1    ##.....
b - Animate Skeleton      Necr           N/A          8%          1    ##.....
c - Animate Dead          Necr           N/A          58%         4    #####..

Your spell library contained the following spells:

 Spells                   Type           Power        Failure   Level  Hunger
 Sublimation of Blood     Necr           ###.......   11%         2    ###....
 Vampiric Draining        Necr           ###.......   22%         3    ####...
 Dispel Undead            Necr           ###.....     58%         4    #####..
 Apportation              Tloc           #.....       61%         1    ##.....
 Foxfire                  Conj/Fire      #...         61%         1    ##.....
 Summon Butterflies       Summ           #.......     61%         1    ##.....
 Conjure Flame            Conj/Fire      #.......     93%         3    ####...
 Inner Flame              Hex/Fire       #.......     93%         3    ####...
 Lesser Beckoning         Tloc           #.........   93%         3    ####...
 Tukima's Dance           Hex            #.......     93%         3    ####...
 Sticky Flame             Conj/Fire      #.......     100%        4    #####..
 Agony                    Necr           ###.....     90%         5    ######.
 Alistair's Intoxication  Tmut/Pois      #.......     100%        5    ######.
 Borgnjor's Vile Clutch   Necr/Erth      #.........   100%        5    ######.
 Fireball                 Conj/Fire      #.........   100%        5    ######.
 Death Channel            Necr           ###.......   100%        6    #######
 Invisibility             Hex            #.......     100%        6    #######


Dungeon Overview and Level Annotations

Branches:
Dungeon (12/15)            Temple (1/1) D:4            Lair (0/6) D:11
 Bailey (visited)
    Orc: D:9-12

Altars:
Ashenzari
Cheibriados
Dithmenos
Elyvilon
Fedhas
Gozag
Hepliaklqana
Kikubaaqudgha
Makhleb
Nemelex Xobeh
Okawaru
Qazlal
Ru
Sif Muna
Trog
Uskayaw
Vehumet
Wu Jian
Xom
Yredelemnul
Zin
The Shining One

Annotations:
D:3 2 transporters
D:4 2 runed translucent doors, Maadim's ghost, novice OpHu


Innate Abilities, Weirdness & Mutations

You are too large for most types of armour.
You have claws for hands.
Your metabolism is lightning-fast.
You like to eat raw meat.
Your natural rate of healing is unusually fast.
You are covered in fur. (AC +1)
You have extremely tough skin. (AC +3)


Message History

The large rock barely misses the skeletal warrior.
The skeletal warrior hits you but does no damage.
Unknown command.
Throwing (i - inventory. (/) - cycle)
E - 6 large rocks (quivered)
Press: ? - help, Shift-Dir - straight line, f/p - skeletal warrior
Aim: a skeletal warrior, wielding a +0 glaive (moderately damaged)
You throw a large rock.
The large rock barely misses the skeletal warrior.
The skeletal warrior hits you but does no damage.
Unknown command.
Throwing (i - inventory. (/) - cycle)
E - 5 large rocks (quivered)
Press: ? - help, Shift-Dir - straight line, f/p - skeletal warrior
Aim: a skeletal warrior, wielding a +0 glaive (moderately damaged)
You throw a large rock.
The large rock barely misses the skeletal warrior.
The skeletal warrior hits you from afar with a +0 glaive!
* * * LOW HITPOINT WARNING * * *
The skeletal warrior hits you from afar with a +0 glaive.
You die...
Kikubaaqudgha rasps: "You have failed me!
Welcome... death!"

#.)..####≈≈...##
####...#((....#
##..(......#
#.(.#.(..##
#....(.###
#........#
#.....z..#
#.....)..#
#.....#@.#
#..[)##.^#
##....##..# ..
##......#..## #.#
#...............#
#.#
####......###...#
#. #...#### #...#
### # #..## ##..#
##.### #..
#..###....## #


You could see a skeletal warrior.

Vanquished Creatures
  Gastronok (D:8)
  2 skeletal warriors (D:11)
  An unseen horror (D:11)
  Pikel (D:8)
  2 cyclopes (D:11)
  A manticore (D:10)
  Joseph (D:9)
  2 kobold demonologists (D:12)
  A troll (D:9)
  A hippogriff (D:9)
  A wyvern (D:9)
  6 yaks (D:11)
  A hungry ghost (D:11)
  2 sky beasts
  11 orc warriors
  4 phantoms
  A slave (D:8)
  An ice beast (D:9)
  2 black bears
  2 necrophages
  3 ogres
  6 centaurs
  A crocodile (D:12)
  A big kobold (D:12)
  4 bullfrogs
  A scorpion (D:9)
  A wyvern skeleton (D:8)
  6 killer bees (D:8)
  9 wights
  3 howler monkeys
  8 crimson imps
  A centaur zombie (D:6)
  5 hounds
  5 jellies
  5 orc priests
  3 bullfrog skeletons
  A centaur skeleton (D:7)
  4 iguanas
  4 orc wizards
  8 worker ants
  2 hound zombies (D:8)
  A worker ant zombie (D:7)
  4 gnolls (D:5)
  11 adders
  2 shadow imps
  5 oozes (D:9)
  A worm (D:3)
  A dart slug (D:1)
  7 leopard geckos
  45 orcs
  3 giant cockroaches
  13 goblins
  9 hobgoblins
  12 jackals
  2 quokkas
  2 ball pythons
  A ball python zombie (D:5)
  3 bats
  5 frilled lizards
  A giant cockroach zombie (D:5)
  A jackal skeleton (D:4)
  9 kobolds
  A leopard gecko skeleton (D:7)
  4 rats
268 creatures vanquished.

Vanquished Creatures (collateral kills)
  An ogre (D:9)
  An eye of draining (D:12)
  A wight (D:6)
  A hound (D:8)
  2 orcs
  A quokka (D:10)
7 creatures vanquished.

Vanquished Creatures (others)
  3 slaves (D:8)
  A black bear (D:8)
4 creatures vanquished.

Grand Total: 279 creatures vanquished

Notes
Turn   | Place    | Note
-------+----------+-------------------------------------------
     0 | D:1      | sankara the Troll Hunter began the quest for the Orb.
     0 | D:1      | Reached XP level 1. HP: 19/19 MP: 0/0
    93 | D:1      | Reached skill level 1 in Unarmed Combat
    94 | D:1      | Reached XP level 2. HP: 24/28 MP: 1/1
   268 | D:1      | Reached XP level 3. HP: 35/35 MP: 2/2
   506 | D:2      | Reached skill level 2 in Unarmed Combat
   576 | D:2      | Noticed a phantom
   618 | D:2      | Killed a phantom
   618 | D:2      | Reached skill level 3 in Unarmed Combat
   618 | D:2      | Reached XP level 4. HP: 11/44 MP: 3/3
   618 | D:2      | Reached XP level 5. HP: 12/50 MP: 4/4
  1215 | D:3      | Found a faded altar of an unknown god.
  1592 | D:3      | Noticed a phantom
  1596 | D:3      | Found a transporter.
  1600 | D:3      | Found a transporter.
  1612 | D:3      | Found a radiant altar of Vehumet.
  1883 | D:4      | Reached skill level 4 in Unarmed Combat
  1957 | D:4      | Found a large runed translucent door.
  1957 | D:4      | Found a large runed translucent door.
  1960 | D:4      | Noticed Maadim's ghost (novice OpHu)
  1966 | D:4      | Reached XP level 6. HP: 44/59 MP: 5/5
  2027 | D:4      | Found a staircase to the Ecumenical Temple.
  2038 | Temple   | Entered the Ecumenical Temple
  2195 | Temple   | Became a worshipper of Kikubaaqudgha
  2266 | D:4      | Found a shattered altar of Ashenzari.
  2590 | D:5      | Entered Level 5 of the Dungeon
  3257 | D:5      | Reached skill level 5 in Unarmed Combat
  3257 | D:5      | Reached XP level 7. HP: 48/67 MP: 6/6
  3311 | D:5      | Found a stormy altar of Qazlal.
  4215 | D:6      | Reached skill level 6 in Unarmed Combat
  4336 | D:7      | Reached XP level 8. HP: 76/78 MP: 7/7
  4364 | D:7      | Got a scorched shortbow
  4625 | D:7      | Reached * piety under Kikubaaqudgha
  4625 | D:7      | Identified Kikubaaqudgha's Guide on Evil (Kikubaaqudgha
                  | gifted it to you on level 7 of the Dungeon)
  4625 | D:7      | Received a gift from Kikubaaqudgha
  4625 | D:7      | Reached skill level 7 in Unarmed Combat
  4629 | D:7      | Learned a level 1 spell: Animate Skeleton
  4631 | D:7      | Learned a level 1 spell: Pain
  4863 | D:6      | Reached skill level 1 in Necromancy
  4967 | D:7      | Found a sparkling altar of Nemelex Xobeh.
  4969 | D:7      | Found a shimmering altar of Xom.
  5237 | D:8      | Noticed Pikel
  5254 | D:8      | Killed Pikel
  5254 | D:8      | Reached skill level 5 in Fighting
  5254 | D:8      | Reached skill level 5 in Dodging
  5254 | D:8      | Reached skill level 8 in Unarmed Combat
  5254 | D:8      | Reached XP level 9. HP: 78/88 MP: 8/8
  5661 | D:8      | Reached skill level 9 in Unarmed Combat
  5668 | D:8      | Noticed Gastronok
  5682 | D:8      | Killed Gastronok
  5682 | D:8      | Reached XP level 10. HP: 28/98 MP: 9/9
  6120 | D:8      | Found a shimmering blue altar of Sif Muna.
  6220 | D:9      | Reached skill level 10 in Unarmed Combat
  6225 | D:9      | Reached ** piety under Kikubaaqudgha
  6389 | D:9      | Found a blossoming altar of Fedhas.
  6493 | D:9      | Noticed Joseph
  6502 | D:9      | Killed Joseph
  6995 | D:10     | Entered Level 10 of the Dungeon
  7260 | D:10     | Found a flagged portal.
  7273 | Bailey   | Entered a bailey
  7319 | Bailey   | Reached *** piety under Kikubaaqudgha
  7319 | Bailey   | Identified Kikubaaqudgha's Papyrus of Sinister Rites
                  | (Kikubaaqudgha gifted it to you in a bailey)
  7319 | Bailey   | Received a gift from Kikubaaqudgha
  7326 | Bailey   | Learned a level 4 spell: Animate Dead
  8010 | D:10     | Noticed a manticore
  8017 | D:10     | Killed a manticore
  8017 | D:10     | Reached skill level 11 in Unarmed Combat
  8017 | D:10     | Reached XP level 11. HP: 93/106 MP: 10/10
  8034 | D:10     | You fall into a shaft and drop 2 floors!
  8045 | D:12     | Reached skill level 5 in Necromancy
  8064 | D:12     | Reached skill level 1 in Armour
  8071 | D:12     | Noticed a sixfirhy
  8377 | D:11     | Found a staircase to the Lair.
  8543 | D:11     | Reached **** piety under Kikubaaqudgha
  8812 | D:11     | Killed an unseen horror
  8844 | D:11     | Got a scorched granite ring
  8845 | D:11     | Identified the ring "Poihyemp" {*Drain rElec rPois Int+6}
                  | (You found it on level 11 of the Dungeon)
  8858 | D:11     | Noticed a skeletal warrior
  8859 | D:11     | Noticed a skeletal warrior
  8860 | D:11     | Noticed a skeletal warrior
  8869 | D:11     | Killed a skeletal warrior
  8884 | D:11     | Killed a skeletal warrior
  8889 | D:11     | HP: 4/107 [skeletal warrior/+0 glaive[a skeletal warrior]
                  | (14)]
  8889 | D:11     | Slain by a skeletal warrior

Illustrated notes

Levels and vault maps discovered:
D:1:      nzn_arrival_crosshair, layout_basic
D:2:      layout_basic
D:3:      layout_basic, gammafunk_temple_overflow_arena, first_ration,
          chequers_ecumenical_altar_simple_redux
D:4:      layout_basic, minmay_temple_entry_mist, ebering_ghost_disaster_area,
          evilmike_ruin_ashenzari
D:5:      layout_basic, nicolae_qazlal_eye_of_the_storm, portal_sewer_entry_e
D:6:      layout_loops_corners
D:7:      layout_cave_pools, minitemple
D:8:      layout_loops_ring, lemuel_blue_sif_altar, uniq_pikel, uniq_gastronok
D:9:      layout_roguey, fedhas_altar_1, hangedman_little_slice_of_home,
          uniq_joseph
D:10:     layout_basic, enter_bailey_3
D:11:     layout_layer_cave, lair_entry_dummy, hangedman_decor_opposing,
          kb_lookout_dungeons_type
D:12:     layout_basic, serial_shops, shop, minmay_guarded_unrand_skullcrusher
Temple:   nicolae_temple_elliptical

Skill      XL: |  1  2  3  4  5  6  7  8  9 10 11 |
---------------+----------------------------------+-----
Unarmed Combat | 1 3 4 5 6 8 9 11 | 11.4
Dodging        | 2 3 4 5 6 7 |  7.0
Fighting       | 2 3 4 5 6 7 |  7.4
Necromancy     | 2 3 4 5 |  5.8
Throwing       | 4 |  4.0
Armour         | 4 |  4.1
Stealth        | |  0.3

Action                   |  1- 3 |  4- 6 |  7- 9 | 10-12 || total
-------------------------+-------+-------+-------+-------++-------
Melee: Unarmed           |    79 |   135 |   191 |   283 ||   688
       Punch             |       |       |     9 |    17 ||    26
Throw: Large rock        |     2 |       |    11 |    16 ||    29
       Dart              |       |       |     2 |       ||     2
       Boomerang         |       |       |       |    75 ||    75
 Cast: Animate Skeleton  |       |       |    13 |    31 ||    44
       Animate Dead      |       |       |       |     2 ||     2
       Pain              |       |       |       |     1 ||     1
Evoke: Wand              |       |       |       |     3 ||     3
  Use: Scroll            |     1 |       |    23 |     3 ||    27
       Potion            |       |       |     1 |       ||     1
 Stab: Invisible         |       |       |     1 |       ||     1
       Distracted        |       |       |     1 |       ||     1
       Sleeping          |       |       |     1 |       ||     1
  Eat: Chunk             |    11 |    22 |    25 |    32 ||    90
Armor: Robe              |    28 |    54 |    41 |    27 ||   150
       Fire dragon scale |       |       |       |    85 ||    85
Dodge: Dodged            |    26 |    65 |   140 |   138 ||   369
